 Dungeon Crawl Stone Soup version 0.29.1-2-gbd0b4ee654 (webtiles) character file.

Game seed: 9372806737777030568

294 KittyFluff the Cudgeller (level 6, -10/38 HPs)
             Began as a Gargoyle Berserker on Nov 15, 2022.
             Was a Believer of Trog.
             Mangled by an ogre
             ... wielding a +0 giant spiked club
              (22 damage)
             ... on level 4 of the Dungeon.
             The game lasted 00:11:51 (3008 turns).

KittyFluff the Cudgeller (Gargoyle Berserker)       Turns: 3008, Time: 00:11:52

Health: -10/38     AC: 13    Str: 20    XL:     6   Next: 33%
Magic:  6/6        EV: 12    Int: 11    God:    Trog [**....]
Gold:   248        SH:  0    Dex: 17    Spells: 5/5 levels left

rFire   . . .      SeeInvis .   a - +0 mace
rCold   + . .      Faith    .   (no shield)
rNeg    + . .      Spirit   .   D - +1 leather armour {rPois}
rPois   ∞          Reflect  .   p - +2 helmet {Int+3}
rElec   +          Harm     .   (no cloak)
rCorr   .          Rampage  .   (no gloves)
Will    .....                   k - +0 pair of boots
Stlth   ++........              (no amulet)
HPRegen 0.12/turn               e - ring of flight
MPRegen 0.10/turn               v - ring "Jotaf" {rC+ Dex+6}

@: flying
A: sickness immunity, AC +4, negative energy resistance 1, electricity
resistance, torment resistance 1, petrification resistance
a: Renounce Religion, Berserk, Trog's Hand


You were on level 4 of the Dungeon.
You worshipped Trog.
Trog was pleased with you.
You visited 1 branch of the dungeon, and saw 4 of its levels.

You collected 248 gold pieces.

Inventory:

Hand Weapons
 a - a +0 mace (weapon)
 w - a +0 sling
Missiles
 h - 17 poisoned darts (quivered)
 y - 3 boomerangs of dispersal
Armour
 c - a +0 pair of boots
 k - a +0 pair of boots (worn)
 p - a +2 helmet of intelligence (worn)
 C - an orb of mayhem
 D - a +1 leather armour of poison resistance (worn)
Jewellery
 e - a ring of flight (left hand)
 v - the ring "Jotaf" (right hand) {rC+ Dex+6}
   (You found it on level 3 of the Dungeon)

   [ring of dexterity]

   Dex:       It affects your dexterity (+6).
   rC:        It protects you from cold.
Wands
 o - a wand of flame (3)
 u - a wand of light (2)
Scrolls
 b - 4 scrolls of identify {unknown}
 d - 3 scrolls of immolation {unknown}
 f - 3 scrolls of amnesia {unknown}
 i - a scroll of silence {unknown}
 j - a scroll of vulnerability {unknown}
 l - a scroll of blinking {unknown}
 m - a scroll of enchant armour {unknown}
 q - a scroll of summoning {unknown}
 r - a scroll of enchant weapon {unknown}
 s - a scroll of teleportation {unknown}
 B - a scroll of fear {unknown}
Potions
 g - 3 potions of curing {unknown}
 n - a potion of flight {unknown}
 t - a potion of invisibility {unknown}
 x - a potion of attraction {unknown}
 z - a potion of lignification {unknown}
 A - a potion of magic {unknown}


   Skills:
 + Level 4.1 Fighting
 + Level 5.2 Maces & Flails
 + Level 0.1 Throwing
 * Level 3.7 Armour
 + Level 2.4 Dodging
 + Level 0.9 Stealth


You had 5 spell levels left.
You didn't know any spells.
Your spell library was empty.

Dungeon Overview and Level Annotations

Branches:
Dungeon (4/15)
 Temple: D:4-7

Altars:
Xom
Yredelemnul


Innate Abilities, Weirdness & Mutations

You are immune to sickness and miasma.
Your stone body is resilient. (AC +4)
You are immune to poison.
You resist negative energy. (rN+)
You are resistant to electric shocks. (rElec)
You are resistant to unholy torment.
You are immune to petrification.


Message History

A ball python comes into view.
You barely miss the ball python. The ball python completely misses you.
The ball python closely misses you.
You barely miss the ball python. The ball python barely misses you. x2
You sock the ball python!
You kill the ball python!
Trog accepts your kill.
Found a dyed leather armour and a scroll labelled ATATAUQ MAGHINWUI.
You see here a +1 leather armour of poison resistance.
D - a +1 leather armour of poison resistance You start removing your armour.
You continue taking off your +0 leather armour. x4
You finish taking off your +0 leather armour.
You start putting on your armour.
You continue putting on your +1 leather armour of poison resistance. x5
You finish putting on your +1 leather armour of poison resistance.
You drop a +0 leather armour.
i - a scroll labelled ATATAUQ MAGHINWUI You see here a +0 leather armour.
Found an escape hatch in the ceiling.
There is an escape hatch in the ceiling here.
You reach down and open the door.
There is an open door here.
An ogre comes into view. It is wielding a +0 giant spiked club.
The ogre shouts!
You barely miss the ogre. The ogre barely misses you.
You barely miss the ogre. You barely miss the ogre.
The ogre hits you with a +0 giant spiked club!
You barely miss the ogre. The ogre barely misses you.
You thump the ogre!
The ogre is moderately wounded.
The ogre hits you with a +0 giant spiked club!
You barely miss the ogre.
The ogre is moderately wounded.
You sock the ogre!
The ogre is severely wounded.
The ogre hits you with a +0 giant spiked club!!
Ouch! That really hurt!
You die...

....<.....###########..##
.########.........##..##
..................#..##
..####..............## ..#
#..##........#### ..#
#..########'....## ..####.##
#.. #.###..## ....##.#
###...#.# ##..# .......#
#.....O@# ##.# ..#....#
#.#...### #.## #.#..#.#
###########..# #....###
#........## ###..#
...≈≈≈≈≈..)## ###..#
.##..≈≈≈≈####...##
#....#####.#..≈≈≈###.#.##..#
#........#.#.≈≈≈≈#.#..##≈≈.##
....####.#...≈≈≈ #.....#≈≈..#


You could see an ogre.

Vanquished Creatures
  Pargi (D:3)
  A necrophage (D:4)
  A hound (D:4)
  Robin (D:2)
  An adder (D:4)
  An ufetubus (D:3)
  4 worms
  A dart slug (D:3)
  An orc (D:4)
  7 bats
  6 endoplasms
  A giant cockroach (D:3)
  7 goblins
  10 hobgoblins
  7 jackals
  8 kobolds
  3 quokkas
  2 ball pythons
  2 frilled lizards (D:1)
  6 rats
71 creatures vanquished.

Notes
Turn   | Place    | Note
-------+----------+-------------------------------------------
     0 | D:1      | KittyFluff the Gargoyle Berserker began the quest for the
                  | Orb.
     0 | D:1      | Reached XP level 1. HP: 14/14 MP: 1/1
   257 | D:1      | Reached XP level 2. HP: 19/19 MP: 2/2
   974 | D:2      | Reached XP level 3. HP: 23/23 MP: 3/3
  1065 | D:2      | Reached ** piety under Trog
  1383 | D:2      | Noticed Robin
  1393 | D:2      | Killed Robin
  1396 | D:2      | Reached XP level 4. HP: 27/29 MP: 4/4
  1789 | D:2      | Reached skill level 4 in Maces & Flails
  2001 | D:3      | Noticed Pargi
  2017 | D:3      | Killed Pargi
  2018 | D:3      | Reached XP level 5. HP: 33/33 MP: 5/5
  2137 | D:3      | Identified the ring "Jotaf" {rC+ Dex+6}
  2411 | D:4      | Reached XP level 6. HP: 31/38 MP: 6/6
  2620 | D:4      | Reached skill level 5 in Maces & Flails
  2781 | D:4      | Found a basalt altar of Yredelemnul.
  2783 | D:4      | Found a shimmering altar of Xom.
  3008 | D:4      | Mangled by an ogre

Illustrated notes

Levels and vault maps discovered:
D:1:      dpeg_arrival_lava_temple_mockup, layout_loops_corners
D:2:      minmay_chambers_of_twos, layout_loops_ring, uniq_robin
D:3:      layout_rooms, uniq_pargi
D:4:      layout_basic, jmf_multi_god_temple, grunt_decor_junction

Skill      XL: |  1  2  3  4  5  6 |
---------------+-------------------+-----
Armour         | 3 |  3.7
Maces & Flails | 4 5 |  5.2
Fighting       | 4 |  4.1
Dodging        | 2 |  2.4
Throwing       | |  0.1
Stealth        | |  0.9

Action                   |  1- 3 |  4- 6 || total
-------------------------+-------+-------++-------
Melee: Mace              |    98 |   135 ||   233
       Punch             |     1 |     1 ||     2
Throw: Dart              |       |     2 ||     2
Invok: Berserk           |     1 |     1 ||     2
Armor: Animal skin       |    37 |    11 ||    48
       Leather armour    |       |    43 ||    43
Dodge: Dodged            |    53 |   117 ||   170
